 Dungeon Crawl Stone Soup version 0.20.1-1-g8b1a95d (webtiles) character file.

1915 gobwax the Spear-Bearer (level 8, -8/56 HPs)
             Began as a Demonspawn Gladiator on Sept 8, 2017.
             Mangled by kaze's ghost (17 damage)
             ... on level 8 of the Dungeon.
             The game lasted 00:10:01 (6357 turns).

gobwax the Spear-Bearer (Demonspawn Gladiator)      Turns: 6357, Time: 00:10:01

Health: -8/56      AC:  6    Str: 15    XL:     8   Next: 95%
Magic:  8/8        EV: 13    Int:  7    God:
Gold:   342        SH:  0    Dex: 17    Spells: 7/7 levels left

rFire    . . .     SeeInvis .   t - +1 spear (venom)
rCold    + . .     Gourm    .   (no shield)
rNeg     . . .     Faith    .   b - +0 leather armour
rPois    .         Spirit   .   (helmet restricted)
rElec    .         Reflect  .   (no cloak)
rCorr    .         Harm     .   (no gloves)
MR       .....                  (no boots)
Stlth    +.........             (no amulet)
Regen    0.2/turn               (no ring)
MPRegen  0.2/turn               (no ring)

@: about to teleport
A: claws 1, horns 2, slimy green scales 2, cold resistance 1, dopey 1, rot
immunity
a: no special abilities


You were on level 8 of the Dungeon.
You were hungry.

You visited 2 branches of the dungeon, and saw 9 of its levels.

You collected 342 gold pieces.

Inventory:

Hand Weapons
 a - a +0 trident
 t - a +1 spear of venom (weapon)
Missiles
 d - 4 throwing nets (quivered)
Armour
 b - a +0 leather armour (worn)
 c - a +0 helmet
Jewellery
 k - an uncursed ring of protection from fire {unknown}
 q - an uncursed ring of ice {unknown}
Wands
 l - a wand of digging (9/24)
 v - a wand of disintegration (24/24)
 x - a wand of polymorph (5/24)
 C - a wand of flame (34/48)
Scrolls
 e - 10 scrolls of identify {unknown}
 h - 2 scrolls of noise
 i - a scroll of fog {unknown}
 p - a scroll of recharging
Potions
 g - 3 potions of flight
 j - a potion of haste
 o - a potion of brilliance
 u - a potion of curing
Comestibles
 f - 7 bread rations
 m - 3 royal jellies
 n - 2 meat rations
 B - 2 fruits


   Skills:
 - Level 2.0 Fighting
 * Level 10.9 Polearms
 - Level 1.7 Throwing
 - Level 2.6 Dodging


You had 7 spell levels left.
You didn't know any spells.

Dungeon Overview and Level Annotations

Branches:
Dungeon (8/15)             Temple (1/1) D:7
   Lair: D:8-11

Altars:
Ashenzari
Cheibriados
Dithmenos
Elyvilon
Fedhas
Gozag
Hepliaklqana
Kikubaaqudgha
Makhleb
Nemelex Xobeh
Qazlal
Ru
Sif Muna
Trog
Uskayaw
Vehumet
Yredelemnul
Zin
The Shining One

Annotations:
D:4 Gnungangingling's ghost, amateur HOMo
D:6 vatarom's ghost, novice TeAE
D:8 Psyche; kaze's ghost, novice HOBe


Innate Abilities, Weirdness & Mutations

You have sharp fingernails.
You are mostly covered in slimy green scales. (AC +3)
Your flesh is cold resistant. (rC+)
You are immune to rotting.
You have a pair of horns on your head.
You are dopey. (Int -2)


Message History

Your wand of disintegration (?/24) glows for a moment.
Kaze's ghost hits you!
As you read the scroll labeled LOIFYIHALU, it crumbles to dust.
It is a scroll of amnesia.
You feel forgetful for a moment. Kaze's ghost hits you!
Psyche the Insane Magess comes into view.
She is wielding a dagger of chaos.
As you read the scroll labeled JUPEDE TOCY, it crumbles to dust.
The creatures around you are filled with an inner flame!
It was a scroll of immolation.
Psyche looks satisfied for a moment.
Kaze's ghost misses you.
As you read the scroll labeled SAS MUOCREIDEI, it crumbles to dust.
You feel strangely unstable.
It was a scroll of teleportation.
Kaze's ghost hits you!
* * * LOW HITPOINT WARNING * * *
As you read the scroll labeled ASINECE QIHAQ, it crumbles to dust.
You feel blessed for a moment.
It was a scroll of remove curse.
Psyche looks encouraged for a moment.
Kaze's ghost hits you!
You die...

#. # #.# #. #.#
#@ #.#
###.####.#
..)......#
#....#.##
#....<###..#
#@W..........
#.....##.....
................
###########.....
...# .## #


You could see Psyche (inner flame) and kaze's ghost (inner flame).

Vanquished Creatures
  Menkaure (D:4)
  3 ice beasts
  A black bear (D:5)
  2 sky beasts
  2 ogres
  The ghost of Frank the Sneak, an amateur OpMo (D:3)
  A centaur (D:7)
  2 bullfrogs
  2 crimson imps (D:5)
  A bullfrog zombie (D:7)
  A jelly (D:5)
  A hound (D:5)
  2 orc wizards
  3 centaur skeletons
  Jessica (D:3)
  An iguana (D:7)
  5 worker ants
  Terence (D:2)
  A killer bee zombie (D:7)
  Robin (D:3)
  8 gnolls (D:5)
  3 adders
  A howler monkey skeleton (D:7)
  A shadow imp (D:5)
  An ooze (D:5)
  A worm (D:2)
  2 dart slugs
  A leopard gecko (D:2)
  7 orcs
  6 giant cockroaches
  15 hobgoblins
  14 jackals
  A quokka (D:3)
  6 bats
  A frilled lizard (D:1)
  27 goblins
  A jackal skeleton (D:5)
  5 kobolds
  A leopard gecko skeleton (D:4)
  12 rats
147 creatures vanquished.

Notes
Turn   | Place    | Note
-------+----------+-------------------------------------------
     0 | D:1      | gobwax the Demonspawn Gladiator began the quest for the Orb.
     0 | D:1      | Reached XP level 1. HP: 16/16 MP: 1/1
     0 | D:1      | Found a bloodstained altar of Trog.
    56 | D:1      | Reached skill level 3 in Polearms
   339 | D:1      | Gained mutation: You are immune to rotting. [demonic ancestry]
   339 | D:1      | Reached XP level 2. HP: 19/22 MP: 2/2
   540 | D:1      | Found a glowing golden altar of the Shining One.
   698 | D:1      | Gained mutation: You are partially covered in slimy green scales. (AC +2) [demonic ancestry]
   698 | D:1      | Reached XP level 3. HP: 25/27 MP: 3/3
   881 | D:2      | Noticed Terence
   895 | D:2      | Killed Terence
   895 | D:2      | Reached skill level 4 in Polearms
  1149 | D:2      | Found a white marble altar of Elyvilon.
  1174 | D:2      | Reached XP level 4. HP: 33/33 MP: 4/4
  1771 | D:3      | Found a basalt altar of Yredelemnul.
  1776 | D:3      | Noticed Frank's ghost (amateur OpMo)
  1782 | D:3      | Gained mutation: You passively map a small area around you. [potion of mutation]
  1782 | D:3      | Gained mutation: Your body sometimes deteriorates upon taking damage. [potion of mutation]
  1782 | D:3      | Gained mutation: Scrolls take you a little longer to read. [potion of mutation]
  1782 | D:3      | Gained mutation: You have a pair of small antennae on your head. [potion of mutation]
  1783 | D:3      | Lost mutation: You passively map a small area around you. [potion of mutation]
  1783 | D:3      | Lost mutation: Scrolls take you a little longer to read. [potion of mutation]
  1783 | D:3      | Lost mutation: Your body sometimes deteriorates upon taking damage. [potion of mutation]
  1783 | D:3      | Lost mutation: You have a pair of small antennae on your head. [potion of mutation]
  1783 | D:3      | Gained mutation: You are dopey. (Int -2) [potion of mutation]
  1783 | D:3      | Gained mutation: You have a pair of small horns on your head. [potion of mutation]
  1783 | D:3      | Gained mutation: You have a pair of horns on your head. [potion of mutation]
  1806 | D:3      | Killed Frank's ghost
  1806 | D:3      | Reached skill level 5 in Polearms
  1806 | D:3      | Gained mutation: You are mostly covered in slimy green scales. (AC +3) [demonic ancestry]
  1806 | D:3      | Reached XP level 5. HP: 15/38 MP: 5/5
  2173 | D:3      | Noticed Robin
  2263 | D:3      | Noticed Jessica
  2267 | D:3      | Killed Jessica
  2422 | D:3      | Reached skill level 6 in Polearms
  2597 | D:3      | Killed Robin
  2779 | D:4      | Reached XP level 6. HP: 44/44 MP: 6/6
  2799 | D:4      | Noticed Menkaure
  2807 | D:4      | Killed Menkaure
  3451 | D:4      | Reached skill level 7 in Polearms
  3737 | D:4      | Noticed Gnungangingling's ghost (amateur HOMo)
  3769 | D:5      | Entered Level 5 of the Dungeon
  3826 | D:5      | Gained mutation: Your flesh is cold resistant. (rC+) [demonic ancestry]
  3826 | D:5      | Reached XP level 7. HP: 50/50 MP: 7/7
  4512 | D:5      | Reached skill level 8 in Polearms
  4708 | D:5      | Found a blossoming altar of Fedhas.
  5107 | D:5      | Found a burning altar of Makhleb.
  5135 | D:5      | Reached skill level 9 in Polearms
  5135 | D:5      | Gained mutation: You have sharp fingernails. [demonic ancestry]
  5135 | D:5      | Reached XP level 8. HP: 40/56 MP: 8/8
  5618 | D:6      | Noticed vatarom's ghost (novice TeAE)
  5674 | D:7      | Reached skill level 10 in Polearms
  5724 | D:7      | Found a staircase to the Ecumenical Temple.
  5796 | Temple   | Entered the Ecumenical Temple
  6343 | D:8      | Noticed kaze's ghost (novice HOBe)
  6355 | D:8      | Noticed Psyche
  6357 | D:8      | Mangled by kaze's ghost

Skill      XL: |  1  2  3  4  5  6  7  8 |
---------------+-------------------------+-----
Polearms       | 3 4 5 6 7 9 10 | 10.9
Fighting       | |  2.0
Throwing       | |  1.7
Dodging        | |  2.6

Action                   |  1- 3 |  4- 6 |  7- 9 || total
-------------------------+-------+-------+-------++-------
Melee: Trident           |   116 |   186 |    16 ||   318
       Headbutt          |       |    21 |    61 ||    82
       Spear             |       |       |   214 ||   214
  Use: Potion            |       |     9 |     1 ||    10
       Scroll            |       |       |     6 ||     6
 Stab: Sleeping          |     1 |     4 |     2 ||     7
  Eat: Chunk             |     1 |     8 |     8 ||    17
Armor: Leather armour    |    37 |    36 |    25 ||    98
Dodge: Dodged            |    72 |    88 |    74 ||   234
